 Dungeon Crawl Stone Soup version 0.31-a0-845-g9abc20d24f (webtiles) character file.

Game seed: 16516696161945035257

984 garrulousMonolith the Cudgeller (level 8, -2/49 HPs)
             Began as a Gargoyle Fighter on Oct 1, 2023.
             Was a Follower of Okawaru.
             Slain by a yak (11 damage)
             ... on level 6 of the Dungeon.
             The game lasted 00:04:51 (4349 turns).

garrulousMonolith the Cudgeller (Gargoyle Fighter)  Turns: 4349, Time: 00:04:52

Health: -2/49      AC: 16    Str: 20    XL:     8   Next: 18%
Magic:  10/10      EV:  7    Int:  9    God:    Okawaru [*.....]
Gold:   361        SH:  5    Dex: 11    Spells: 7/7 levels left

rFire   . . .        a - +1 flail (vamp)
rCold   + . .        c - +0 buckler
rNeg    + . .        n - +0 chain mail
rPois   ∞            (no helmet)
rElec   +            (no cloak)
rCorr   .            (no gloves)
SInv    .            l - +0 pair of boots
Will    .....        (no amulet) Stlth
                     b - ring of protection from cold
HPRegen 0.28/turn    (no ring)
MPRegen 0.12/turn

%: no passive effects
@: no status effects
A: sickness immunity, AC +5, negative energy resistance 1, electricity
resistance, torment resistance 1, petrification resistance
a: Renounce Religion, Heroism


You were on level 6 of the Dungeon.
You worshipped Okawaru.
Okawaru was aware of your devotion.
You visited 2 branches of the dungeon, and saw 7 of its levels.

You collected 361 gold pieces.

Inventory:

Hand Weapons
 a - a +1 vampiric flail (weapon)
 t - a +1 sling of flaming
Missiles
 i - 18 poisoned darts
Armour
 c - a +0 buckler (worn)
 l - a +0 pair of boots (worn)
 n - a +0 chain mail (worn)
Jewellery
 b - a ring of protection from cold (left hand)
 m - a ring of protection from cold
 u - a +5 ring of evasion
Scrolls
 e - a scroll of enchant weapon
 g - 3 scrolls of fear
 h - a scroll of immolation
 j - 2 scrolls of noise
 p - a scroll of enchant armour {unknown}
 q - a scroll of blinking {unknown}
 r - a scroll of silence {unknown}
 w - a scroll of teleportation
Potions
 d - 2 potions of haste
 f - 2 potions of brilliance
 k - a potion of enlightenment
 o - a potion of heal wounds
 s - 2 potions of curing
 v - a potion of attraction
 A - a potion of might


   Skills:
 + Level 5.3 Fighting
 * Level 5.6 Maces & Flails
 + Level 5.2 Armour
 + Level 5.3 Shields
 + Level 3.6 Invocations


You had 7 spell levels left.
You didn't know any spells.
Your spell library contained the following spells:

 Spells                   Type           Power      Damage    Failure   Level
 Kiss of Death            Conj/Necr      0%         2d5       98%         1
 Ensorcelled Hibernation  Hex/Ice        0%         N/A       99%         2
 Jinxbite                 Hex            0%         N/A       99%         2
 Lesser Beckoning         Tloc           0%         N/A       99%         2
 Confusing Touch          Hex            0%         N/A       100%        3
 Gell's Gravitas          Tloc           0%         N/A       100%        3
 Teleport Other           Tloc           0%         N/A       100%        3
 Anguish                  Hex/Necr       0%         N/A       100%        4
 Dimensional Bullseye     Hex/Tloc       0%         N/A       100%        4
 Dispel Undead            Necr           0%         3d6       100%        4
 Iskenderun's Mystic Bla  Conj/Tloc      0%         2d3       100%        4
 Borgnjor's Vile Clutch   Necr/Erth      0%         N/A       100%        5
 Iskenderun's Battlesphe  Conj           0%         2d6       100%        5
 Bombard                  Conj/Erth      0%         9d1       100%        6
 Dispersal                Tloc           0%         N/A       100%        6
 Tukima's Dance           Hex            Unusable   N/A       N/A         3
 Animate Dead             Necr           Unusable   N/A       N/A         4
 Death Channel            Necr           Unusable   N/A       N/A         6
 Spellforged Servitor     Conj/Summ      Unusable   N/A       N/A         7

Dungeon Overview and Level Annotations

Branches:
Dungeon (6/15)             Temple (1/1) D:5

Altars:
Ashenzari
Dithmenos
Elyvilon
Fedhas
Gozag
Hepliaklqana
Kikubaaqudgha
Makhleb
Nemelex Xobeh
Okawaru
Qazlal
Sif Muna
Trog
Uskayaw
Vehumet
Wu Jian
Xom
Yredelemnul
Zin
The Shining One

Annotations:
D:2 1 runed translucent door, Crazy Yiuf
D:4 2 transporters, Menkaure


Innate Abilities, Weirdness & Mutations

You are immune to sickness and miasma.
Your stone body is resilient. (AC +5)
You are immune to poison.
You resist negative energy. (rN+)
You are resistant to electric shocks. (rElec)
You are resistant to unholy torment.
You are immune to petrification.


Message History

You block the yak's attack.
You barely miss the yak.
The yak is heavily wounded.
The yak gores you.
You hit the yak.
You feel better.
The yak is heavily wounded.
The yak barely misses you.
You hit the yak.
The yak is severely wounded.
The yak gores you.
You barely miss the yak.
The yak is severely wounded.
You block the yak's attack. The yak gores you but does no damage.
You hit the yak.
You feel better.
The yak is severely wounded.
The yak gores you but does no damage.
You hit the yak.
You feel better.
The yak is almost dead.
The yak gores you but does no damage.
You closely miss the yak.
The yak is almost dead.
The yak gores you but does no damage.
You hit the yak.
The yak is almost dead.
The yak gores you!
You sock the yak!
You kill the yak!
Okawaru is honoured by your kill.
You have reached level 8!
You feel clever.
Okay, then.
You barely miss the yak. The yak gores you.
You thump the yak!
You feel better.
The yak is lightly wounded.
The yak gores you. The yak gores you!
* * * LOW HITPOINT WARNING * * *
You hit the yak but do no damage.
The yak is lightly wounded.
The yak gores you!
You die...

#.#.#.# #.#.#.#
#.#.#.# #.#.#.# ###
#.#.#.# ... #.# .. #.#
.####.#############.##
.....YhY@..).........#
#####.################
#


You could see 2 yaks and a black bear.

Vanquished Creatures
  Grinder (D:5)
  Sigmund (D:2)
  A yak (D:6)
  A water moccasin (D:5)
  A scorpion (D:5)
  2 howler monkeys
  An orc priest (D:5)
  An orc wizard (D:5)
  4 gnolls (D:3)
  5 adders
  2 worms
  A dart slug (D:2)
  7 orcs
  7 bats
  6 endoplasms
  2 giant cockroaches
  6 goblins
  10 hobgoblins
  6 jackals
  6 kobolds
  7 quokkas
  7 ball pythons
  6 rats
91 creatures vanquished.

Notes
Turn   | Place    | Note
-------+----------+-------------------------------------------
     0 | D:1      | garrulousMonolith the Gargoyle Fighter began the quest for
                  | the Orb.
     0 | D:1      | Reached XP level 1. HP: 14/14 MP: 1/1
   105 | D:1      | Reached XP level 2. HP: 17/19 MP: 2/2
   449 | D:1      | Reached XP level 3. HP: 23/23 MP: 3/3
   581 | D:1      | Reached skill level 1 in Invocations
   694 | D:2      | Found a sparkling altar of Nemelex Xobeh.
   913 | D:2      | Reached XP level 4. HP: 20/29 MP: 4/4
  1030 | D:2      | Noticed Sigmund
  1328 | D:2      | Found a runed translucent door.
  1329 | D:2      | Noticed Crazy Yiuf
  1415 | D:2      | Killed Sigmund
  1416 | D:2      | Reached XP level 5. HP: 22/33 MP: 6/6
  1416 | D:2      | Reached XP level 6. HP: 25/38 MP: 7/7
  2827 | D:4      | Found a transporter.
  2832 | D:4      | Found a transporter.
  2981 | D:4      | Found a basalt altar of Yredelemnul.
  2985 | D:4      | Noticed Menkaure
  2991 | D:4      | Found an ancient bone altar of Kikubaaqudgha.
  3200 | D:4      | Found a sparkling altar of Nemelex Xobeh.
  3200 | D:4      | Found a blossoming altar of Fedhas.
  3394 | D:5      | Entered Level 5 of the Dungeon
  3475 | D:5      | Found a staircase to the Ecumenical Temple.
  3494 | Temple   | Entered the Ecumenical Temple
  3504 | Temple   | Became a worshipper of Warmaster Okawaru
  3538 | D:5      | Noticed a water moccasin
  3548 | D:5      | Killed a water moccasin
  3549 | D:5      | Reached XP level 7. HP: 36/44 MP: 7/9
  3804 | D:5      | Noticed Grinder
  3820 | D:5      | Paralysed by Grinder for 3 turns
  3834 | D:5      | Killed Grinder
  3834 | D:5      | Reached * piety under Okawaru
  3835 | D:5      | Reached skill level 5 in Fighting
  3835 | D:5      | Reached skill level 5 in Maces & Flails
  3835 | D:5      | Reached skill level 5 in Shields
  3981 | D:5      | Reached skill level 5 in Armour
  4323 | D:6      | Noticed a yak
  4324 | D:6      | Noticed a yak
  4327 | D:6      | Noticed a yak
  4346 | D:6      | Killed a yak
  4347 | D:6      | Reached XP level 8. HP: 26/49 MP: 10/10
  4349 | D:6      | Slain by a yak

Illustrated notes

Levels and vault maps discovered:
D:1:      amcnicky_arrival_flooded_fountain, layout_basic, minmay_box_of_dots
D:2:      layout_rooms, basic_altar, uniq_sigmund, uniq_crazy_yiuf_cottage
D:3:      layout_loops_ring, corner_web_ring, kennysheep_generic_room_4
D:4:      layout_loops_cross, nicolae_overflow_two_pavilions,
          gammafunk_temple_of_torment, chequers_serial_rivers_room_b
D:5:      layout_basic, minmay_temple_entry_purple_smoke, uniq_grinder
D:6:      minmay_klotski, layout_basic, gammafunk_ghost_gnarly_gnolls,
          lightli_ossuary_entry_decrepit_ruins
Temple:   nicolae_temple_x_marks_the_god

Skill      XL: |  1  2  3  4  5  6  7 |
---------------+----------------------+-----
Invocations    | 1 2 3 |  3.6
Maces & Flails | 3 4 5 |  5.6
Fighting       | 4 5 |  5.3
Armour         | 4 5 |  5.2
Shields        | 4 5 |  5.3

Action                     |  1- 3 |  4- 6 |  7- 9 || total
---------------------------+-------+-------+-------++-------
  Melee: Flail             |   143 |   138 |    55 ||   336
    Use: Scroll            |     3 |     6 |     5 ||    14
         Potion            |       |     4 |       ||     4
 Armour: Scale mail        |    76 |       |       ||    76
         Chain mail        |    27 |   140 |    36 ||   203
  Dodge: Dodged            |    64 |    70 |    13 ||   147
  Block: Buckler           |    31 |    40 |     4 ||    75

Table legend: (Time is in decaauts)
 A = Elapsed time spent in this place.
 B = Non-inter-level travel time spent in this place.
 C = Inter-level travel time spent in this place.
 D = Time resting spent in this place.
 E = Time spent auto-exploring this place.
 F = Levels seen in this place.
 G = Mean time per level.
                   A        B        C        D        E       F      G
               +--------+--------+--------+--------+--------+-----+--------+
         Total |   4437 |   4257 |    180 |    597 |   2768 |   7 |  633.9 |
       Dungeon |   4418 |   4246 |    172 |    597 |   2768 |   6 |  736.3 |
        Temple |     18 |     10 |      8 |      0 |      0 |   1 |   18.0 |
               +--------+--------+--------+--------+--------+-----+--------+

Top non-repeatable levels by time:
     D:3: 1080 daAuts
     D:2: 921 daAuts
     D:5: 829 daAuts
     D:1: 784 daAuts
     D:4: 685 daAuts
     D:6: 116 daAuts
  Temple: 18 daAuts
